 Dungeon Crawl Stone Soup version 0.30-a0-630-g881e3bac89 (webtiles) character file.

Game seed: 1641781800039607285

124 Citaku the Covered (level 4, -5/41 HPs)
             Began as a Minotaur Fighter on Jan 13, 2023.
             Slain by Sigmund
             ... wielding a +0 scythe
              (9 damage)
             ... on level 3 of the Dungeon.
             The game lasted 00:02:44 (1859 turns).

Citaku the Covered (Minotaur Fighter)               Turns: 1859, Time: 00:02:44

Health: -5/41      AC:  8    Str: 22    XL:     4   Next: 81%
Magic:  3/3        EV:  9    Int:  5    God:
Gold:   176        SH:  4    Dex: 10    Spells: 3/3 levels left

rFire   . . .      SeeInvis .    a - +0 war axe
rCold   . . .      Faith    .    c - +0 buckler
rNeg    . . .      Spirit   .    b - +0 scale mail
rPois   .          Reflect  .    (helmet restricted)
rElec   .          Harm     .    m - +0 cloak
rCorr   .          Rampage  .    (no gloves)
Will    .....                    (no boots) Stlth
                                 (no amulet)
HPRegen 0.26/turn                (no ring)
MPRegen 0.08/turn                (no ring)

@: mighty
A: horns 2, retaliatory headbutt
a: no special abilities


You were on level 3 of the Dungeon.
You visited 1 branch of the dungeon, and saw 3 of its levels.

You collected 176 gold pieces.

Inventory:

Hand Weapons
 a - a +0 war axe (weapon)
Armour
 b - a +0 scale mail (worn)
 c - a +0 buckler (worn)
 m - a +0 cloak (worn)
Scrolls
 e - 4 scrolls of teleportation {unknown}
 f - 3 scrolls of fog {unknown}
 g - a scroll of identify {unknown}
 i - a scroll of blinking {unknown}
 o - a scroll of summoning {unknown}
Potions
 h - a potion of curing {unknown}
 j - a potion of mutation {unknown}
 k - 3 potions of magic {unknown}
 l - 2 potions of invisibility {unknown}
 n - a potion of heal wounds {unknown}


   Skills:
 + Level 4.4 Fighting
 * Level 4.3 Axes
 * Level 5.1 Armour
 - Level 3.6 Shields


You had 3 spell levels left.
You didn't know any spells.
Your spell library contained the following spells:

 Spells                   Type           Power      Damage    Failure   Level
 Vhi's Electric Charge    Tloc/Air       0%         N/A       99%         3
 Arcjolt                  Conj/Air       0%         1d10      100%        5
 Maxwell's Capacitive Co  Air            0%         ∞         100%        8


Dungeon Overview and Level Annotations

Branches:
Dungeon (3/15)

Altars:

Annotations:
D:3 Sigmund


Innate Abilities, Weirdness & Mutations

You have a pair of horns on your head.
You reflexively headbutt those who attack you in melee.


Message History

Sigmund hits you from afar with a +0 scythe!
You block the gnoll's attack. The gnoll closely misses you.
The gnoll hits you with a +0 spear. Sigmund hits you but does no damage.
You slash the gnoll! Your headbutt misses the gnoll.
The gnoll is severely wounded.
You hit Sigmund. You barely miss the gnoll.
The gnoll hits you with a +0 spear. x3
Sigmund barely misses you. The gnoll hits you with a +0 spear.
You slash the gnoll!
You kill the gnoll!
You slash Sigmund! You hit the gnoll. The gnoll hits you with a +0 spear.
Sigmund hits you with a +0 scythe.
Your Armour skill increases to level 5!
You block the gnoll's attack.
You closely miss Sigmund.
Sigmund is severely wounded.
You hit the gnoll. The gnoll hits you but does no damage.
Sigmund casts a spell at you. You resist with some effort.
You barely miss Sigmund. Your headbutt misses Sigmund.
Sigmund is severely wounded.
You barely miss the gnoll. The gnoll hits you with a +0 spear.
Sigmund hits you with a +0 scythe.
* * * LOW HITPOINT WARNING * * *
The gnoll hits you but does no damage.
You closely miss Sigmund. Your headbutt misses Sigmund.
Sigmund is severely wounded.
You hit the gnoll. Sigmund hits you with a +0 scythe!
* * * LOW HITPOINT WARNING * * *
You block the gnoll's attack.
You closely miss the gnoll. You headbutt the gnoll.
You kill the gnoll!
You hit Sigmund.
Sigmund casts a spell.
Sigmund flickers and vanishes!
Deactivating autopickup; reactivate with Ctrl-A.
Something hits you but does no damage.
You miss something. You closely miss something. Something hits you!
You die...

######## #......#
#).....# ##########
###......# ##........
.........# #.......#
##.......# #.......####
##.......###...)......#
.............:).@)....#
####..########$##{....#
#####........#.# .....#
..# ##..####.#.# .....#
#.# #.<...#.#.# ###.#$.
#.# #....##.#.#### .# #
#.#####.#....#....# #
#.....#.##.....##.#
#####.#....###....#


There were no monsters in sight!

Vanquished Creatures
  3 adders (D:2)
  6 gnolls
  3 dart slugs
  A bat (D:2)
  5 endoplasms
  4 goblins
  4 hobgoblins
  A quokka (D:2)
  3 ball pythons
  3 frilled lizards
  3 kobolds
  2 rats
38 creatures vanquished.

Notes
Turn   | Place    | Note
-------+----------+-------------------------------------------
     0 | D:1      | Citaku the Minotaur Fighter began the quest for the Orb.
     0 | D:1      | Reached XP level 1. HP: 19/19 MP: 0/0
   632 | D:1      | Found a faded altar of an unknown god.
   632 | D:1      | Noticed a shining eye
   636 | D:1      | Noticed a golden eye
   641 | D:1      | Noticed a golden eye
   644 | D:1      | Noticed a golden eye
   896 | D:2      | Reached XP level 2. HP: 27/27 MP: 1/1
   909 | D:2      | Reached skill level 4 in Armour
   930 | D:2      | Reached XP level 3. HP: 33/33 MP: 2/2
   932 | D:2      | HP: 1/33 [gnoll/+0 flail (6)]
  1388 | D:2      | Reached XP level 4. HP: 37/40 MP: 3/3
  1844 | D:3      | Noticed Sigmund
  1853 | D:3      | Reached skill level 5 in Armour
  1859 | D:3      | Slain by Sigmund

Illustrated notes

Levels and vault maps discovered:
D:1:      dpeg_arrival_rhombi, layout_loops_ring,
          hellmonk_ecumenical_altar_watching_god
D:2:      layout_basic, nicolae_figureground_pulse
D:3:      layout_basic, uniq_sigmund

Skill      XL: |  1  2  3  4 |
---------------+-------------+-----
Armour         | 4 5 |  5.1
Axes           | 3 4 |  4.3
Fighting       | 4 |  4.4
Shields        | |  3.6

Action                   |  1- 3 |  4- 6 || total
-------------------------+-------+-------++-------
Melee: War axe           |    41 |    25 ||    66
       Headbutt          |     4 |     3 ||     7
  Use: Potion            |       |     1 ||     1
Armor: Scale mail        |    17 |    17 ||    34
Dodge: Dodged            |    15 |    13 ||    28
Block: Buckler           |    11 |     8 ||    19

Table legend: (Time is in decaauts)
 A = Elapsed time spent in this place.
 B = Non-inter-level travel time spent in this place.
 C = Inter-level travel time spent in this place.
 D = Time resting spent in this place.
 E = Time spent auto-exploring this place.
 F = Levels seen in this place.
 G = Mean time per level.
                   A        B        C        D        E       F      G
               +--------+--------+--------+--------+--------+-----+--------+
         Total |   1883 |   1787 |     96 |      0 |   1476 |   3 |  627.7 |
       Dungeon |   1883 |   1787 |     96 |      0 |   1476 |   3 |  627.7 |
               +--------+--------+--------+--------+--------+-----+--------+

Top non-repeatable levels by time:
     D:1: 876 daAuts
     D:2: 857 daAuts
     D:3: 149 daAuts
